Map: Hard Lead LE

Players

Oliveira

  • Race: Terran Terran
  • League: Grandmaster
  • Spawn Location: 5:00

LiquidCure (Cure) - Winner!

  • Race: Terran Terran
  • League: Master
  • Spawn Location: 11:00

VOD

Have the link to the VOD?

Description

Time

  • Played on: Dec. 11, 2023, 4:29 a.m.
  • Length: 10:13
Show
View Real Time Build Order
Export as new Build Order

Oliveira Terran 

Build Orders: Cyclone Opening 

Get SALT Encoding   

  12  0:00  SCV  
  13  0:12  SCV  
  14  0:17  Supply Depot  
  14  0:24  SCV  
  15  0:39  SCV  
  15  0:40  Barracks  
  16  0:44  Refinery  
  16  0:51  SCV  
  16  0:54  Refinery  
  17  1:03  SCV  
  18  1:15  SCV  
  19  1:27  Orbital Command, Reaper  
  19  1:30  Supply Depot  
  20  1:43  Factory  
  20  1:53  SCV  
  21  1:59  Reaper  
  22  2:05  SCV  
  23  2:18  Command Center  
  23  2:20  SCV  
  24  2:27  Hellion  
  26  2:32  SCV  
  27  2:37  Starport  
  27  2:44  SCV  
  27  2:45  Supply Depot  
  28  2:51  Cyclone  
  28  2:54  Barracks Reactor  
  28  2:57  SCV  
  31  3:09  SCV  
  32  3:14  Medivac  
  34  3:21  SCV  
  35  3:29  Orbital Command  
  35  3:30  Refinery  
  35  3:35  SCV  
  35  3:39  Cyclone x2, Marine  
  41  3:45  Starport Tech Lab  
  41  3:47  SCV  
  42  3:57  SCV  
  42  3:59  Supply Depot, SCV  
  44  4:05  Raven  
  44  4:07  Interference Matrix  
  44  4:09  SCV  
  47  4:11  SCV  
  47  4:13  Cyclone  
  47  4:17  Orbital Command  
  45  4:26  SCV  
  44  4:37  Cyclone  
  44  4:38  SCV  
  42  4:42  SCV  
  42  4:43  Command Center  
  42  4:44  Raven  
  45  4:50  SCV  
  44  4:56  SCV  
  41  5:00  Cyclone  
  41  5:02  SCV  
  44  5:08  SCV  
  45  5:14  SCV, Cyclone  
  48  5:21  SCV  
  48  5:26  SCV  
  50  5:33  SCV  
  50  5:34  Cyclone  
  53  5:38  SCV  
  54  5:44  Raven  
  54  5:46  Barracks Tech Lab, SCV  
  57  5:51  SCV  
  57  5:58  SCV  
  57  6:03  SCV  
  57  6:05  Orbital Command  
  57  6:07  Cyclone x2  
  57  6:10  SCV  
  58  6:13  Marine  
  58  6:15  SCV  
  60  6:18  Supply Depot  
  60  6:21  Stimpack  
  60  6:22  SCV  
  61  6:26  Starport Reactor  
  61  6:27  SCV  
  61  6:31  SCV  
  63  6:34  SCV  
  63  6:37  Marine  
  63  6:39  SCV  
  66  6:43  SCV  
  66  6:46  SCV, Barracks x2  
  68  6:51  SCV  
  68  6:52  Supply Depot  
  69  6:55  Siege Tank  
  69  6:56  Marine  
  69  6:57  SCV  
  69  7:00  SCV  
  75  7:03  SCV  
  76  7:09  SCV  
  76  7:13  Engineering Bay x2  
  77  7:17  Starport Reactor  
  69  7:25  SCV  
  69  7:29  Marine  
  59  7:30  SCV  
  59  7:32  Siege Tank  
  59  7:33  SCV  
  59  7:36  Marine  
  63  7:39  SCV  
  63  7:42  Terran Infantry Weapons Level 1  
  62  7:44  Marine  
  62  7:45  SCV, Barracks  
  62  7:46  Barracks  
  62  7:47  Orbital Command  
  62  7:50  Marine, Refinery  
  65  7:55  Marine x2  
  65  7:57  SCV x2  
  69  7:59  Marine  
  69  8:03  Medivac x2  
  74  8:07  Marine  
  74  8:08  Combat Shield  
  74  8:11  SCV x2  
  77  8:13  SCV  
  77  8:14  Marine  
  77  8:16  Marine  
  77  8:17  Marine  
  81  8:22  Siege Tank  
  81  8:23  Marine  
  81  8:24  SCV  
  81  8:25  SCV  
  87  8:27  SCV  
  87  8:31  Supply Depot  
  87  8:33  Supply Depot, Marine  
  89  8:34  Barracks Reactor x2  
  89  8:36  SCV  
  89  8:37  SCV, Marine  
  89  8:41  SCV  
  93  8:52  Marine x4  
  93  8:54  Siege Tank  
  99  8:56  SCV  
  95  9:04  Marine  
  95  9:08  SCV x2  
  81  9:10  Marine x4  
  81  9:11  SCV, Engineering Bay  
  81  9:12  Marine  
  81  9:13  Marine x2  
  81  9:17  Viking x2  
  89  9:20  SCV x2, Marine  
  89  9:22  Marine  
  89  9:23  SCV  
  95  9:25  Supply Depot  
  95  9:28  Marine x2  
  94  9:32  SCV  
  94  9:34  Marine  
  94  9:35  Marine x2  
  94  9:36  Marine  
  80  9:38  Marine  
  80  9:39  Siege Tank, Marine  
  80  9:42  SCV x2, Marine  
  80  9:45  Marine x2  
  80  9:52  Marine  
  84  9:53  Marine x2  
  84  9:55  Marine  
Show
View Real Time Build Order
Export as new Build Order

LiquidCure Terran - Winner!

Build Orders: Cyclone Opening 

Get SALT Encoding   

  12  0:00  SCV  
  13  0:12  SCV  
  14  0:17  Supply Depot  
  14  0:24  SCV  
  15  0:38  SCV  
  15  0:41  Barracks  
  15  0:42  Refinery  
  16  0:51  SCV  
  16  0:52  Refinery  
  17  1:03  SCV  
  18  1:15  SCV  
  19  1:28  Orbital Command, Reaper  
  19  1:32  Supply Depot  
  20  1:41  Factory  
  20  1:53  SCV  
  21  2:00  Reaper  
  22  2:05  SCV  
  23  2:18  SCV  
  24  2:23  Command Center  
  24  2:27  Cyclone  
  26  2:30  SCV  
  26  2:32  Barracks Reactor  
  27  2:41  Supply Depot  
  27  2:42  SCV  
  28  2:50  Starport  
  28  2:54  SCV  
  29  3:06  SCV  
  29  3:11  Cyclone x2  
  34  3:15  Refinery  
  34  3:18  SCV  
  35  3:26  Liberator  
  38  3:30  SCV  
  39  3:35  Orbital Command  
  39  3:43  SCV  
  39  3:47  Cyclone x2  
  44  3:50  Barracks Tech Lab  
  44  3:55  SCV  
  45  3:57  Supply Depot  
  45  4:02  SCV  
  46  4:07  SCV  
  47  4:14  SCV  
  45  4:19  Cyclone x2  
  45  4:24  SCV  
  47  4:26  SCV  
  47  4:36  SCV  
  47  4:38  SCV  
  49  4:45  Raven  
  49  4:46  Interference Matrix  
  49  4:48  SCV  
  49  4:50  SCV  
  49  4:53  Cyclone x2  
  53  5:00  SCV  
  53  5:02  SCV  
  55  5:07  Command Center  
  55  5:13  SCV  
  56  5:14  SCV  
  56  5:17  Supply Depot  
  56  5:20  Raven  
  59  5:26  SCV  
  59  5:27  SCV  
  61  5:36  Supply Depot  
  61  5:37  Barracks Tech Lab  
  61  5:38  SCV  
  61  5:39  SCV, Cyclone  
  65  5:48  Barracks  
  65  5:49  Barracks  
  65  5:50  SCV  
  65  5:51  SCV  
  65  5:54  Raven  
  65  5:55  Marine  
  70  5:59  Refinery  
  70  6:00  Supply Depot  
  70  6:02  Stimpack  
  70  6:03  SCV x2  
  68  6:14  Cyclone, Marine  
  68  6:15  SCV x2, Cyclone  
  74  6:21  Orbital Command  
  74  6:28  SCV x2, Engineering Bay x2  
  76  6:33  Marine  
  76  6:38  Barracks Reactor  
  79  6:40  SCV x2  
  79  6:46  Barracks  
  79  6:47  Barracks  
  79  6:48  Starport Reactor  
  79  6:51  Orbital Command  
  79  6:56  Siege Tank, Marine x3  
  79  6:59  Supply Depot  
  79  7:01  Supply Depot  
  85  7:03  Terran Infantry Weapons Level 1, Terran Infantry Armor Level 1  
  85  7:05  SCV  
  85  7:07  Supply Depot  
  85  7:08  SCV  
  87  7:22  Marine x5  
  86  7:23  SCV x2  
  71  7:31  Siege Tank  
  71  7:32  Medivac x2  
  70  7:40  Marine x5, Barracks Reactor x2  
  74  7:44  Combat Shield  
  71  7:57  Marine  
  72  8:00  Marine x4  
  72  8:01  Command Center  
  72  8:04  Armory  
  76  8:05  Siege Tank  
  79  8:14  SCV x2  
  79  8:15  Marine  
  79  8:17  Supply Depot, Marine x4  
  79  8:18  Marine  
  87  8:21  Marine x2  
  87  8:22  Missile Turret  
  87  8:23  Marine  
  90  8:29  Medivac x2  
  90  8:33  Marine  
  95  8:34  SCV x2, Marine  
  95  8:39  Marine x2  
  95  8:41  Marine x2  
  102  8:42  Supply Depot  
  102  8:44  Siege Tank  
  105  8:54  Marine x4  
  106  9:04  Marine x2  
  106  9:05  Marine x3  
  106  9:09  Medivac x2  
  109  9:12  Marine x4  
  109  9:16  Siege Tank  
  114  9:19  Orbital Command  
  114  9:21  SCV x2  
  114  9:22  Marine x3  
  119  9:33  Marine x2  
  119  9:34  Marine x4  
  118  9:40  Marine x3  
  118  9:42  SCV  
  118  9:51  Marine x6  
Tags
 
Add a new tag
Caveats
  • Supply blocks, unpowered buildings, or Contaminate may cause inaccurate times.
  • Supply counts are checked every 10 seconds.